 Dungeon Crawl Stone Soup version 0.17.0-57-g0e89251 (webtiles) character file.

462 lucasterio the Slicer (level 7, 0/41 HPs)
             Began as a Kobold Berserker on Dec 7, 2015.
             Was a Priest of Trog.
             Succumbed to a scorpion's poison
             ... on level 5 of the Dungeon.
             The game lasted 00:13:39 (4818 turns).

lucasterio the Slicer (Kobold Berserker)            Turns: 4818, Time: 00:13:39

Health: 0/41       AC:  4    Str: 18    XL:     7   Next: 28%
Magic:  7/7        EV: 16    Int:  5    God:    Trog [***...]
Gold:   150        SH:  0    Dex: 15    Spells: 0 memorised, 6 levels left

rFire  . . .     SeeInvis .     a - +0 short sword
rCold  . . .     Clarity  .     l - +0 leather armour
rNeg   . . .     SustAt   .     (shield restricted)
rPois  .         Gourm    .     (no helmet)
rElec  .         Spirit   .     k - +0 cloak
rCorr  .         Warding  .     (no gloves)
rMut   .         Stasis   .     (no boots)
MR     .....                    (no amulet)
Stlth  +.........               (no ring)
                                (no ring)

@: lethally poisoned (0 -> -19), exhausted, slowed, very slow, not resistant to
hostile enchantments, very unstealthy
A: carnivore 3
a: Berserk, Trog's Hand, Burn Spellbooks, Renounce Religion


You were on level 5 of the Dungeon.
You worshipped Trog.
Trog was most pleased with you.
You were very full.

You visited 1 branch of the dungeon, and saw 5 of its levels.

You collected 150 gold pieces.

Inventory:

Hand Weapons
 a - a +0 short sword (weapon)
Missiles
 w - 15 arrows
Armour
 b - a +3 ring mail
 j - a +0 scale mail
 k - a +0 cloak (worn)
 l - a +0 leather armour (worn)
 p - a +0 shield
 u - a cursed +0 chain mail
 B - a cursed +0 buckler
Jewellery
 o - an uncursed ring of flight {unknown}
 s - a cursed ring of loudness {unknown}
 x - an uncursed ring of see invisible {unknown}
Wands
 D - a wand of frost (0)
Scrolls
 d - 3 scrolls of remove curse
 f - 3 scrolls of recharging {unknown}
 h - 2 scrolls of fog {unknown}
 r - 4 scrolls of magic mapping {unknown}
 t - 3 scrolls of identify {unknown}
 v - 2 scrolls of blinking {unknown}
 y - a scroll of teleportation {unknown}
 C - a scroll of noise {unknown}
Potions
 e - 2 potions of agility {unknown}
 g - a potion of haste {unknown}
 i - 3 potions of curing {unknown}
 q - a potion of magic {unknown}
 A - 2 potions of heal wounds {unknown}
Comestibles
 c - 3 meat rations
 m - 3 royal jellies
 n - 3 beef jerkies
 z - a slice of pizza
 E - 3 chunks of flesh


   Skills:
 - Level 3.2 Fighting
 * Level 8.6 Short Blades
 - Level 3.1 Armour
 + Level 3.7 Dodging


You had 6 spell levels left.
You didn't know any spells.

Dungeon Overview and Level Annotations

Branches:
Dungeon (5/15)
 Temple: D:4-7

Altars:
Elyvilon
Makhleb
Okawaru
Ru
Vehumet
Yredelemnul


Innate Abilities, Weirdness & Mutations

You are small and have problems with some larger weapons.
You are carnivorous and can eat meat at any time.


Message History

Trog accepts your kill.
* * * LOW HITPOINT WARNING * * *
You feel sick.
* * * LOW HITPOINT WARNING * * *
You feel sick.
You feel a strong urge to attack something.
* * * LOW HITPOINT WARNING * * *
You feel sick.
There is a lethal amount of poison in your body!
There is a lethal amount of poison in your body!
You are too berserk!
* * * LOW HITPOINT WARNING * * *
You feel sick.
You feel your anger subside.
You are no longer berserk.
You are exhausted.
You feel yourself slow down.
* * * LOW HITPOINT WARNING * * *
You feel sick.
You die...

### ###.# #...#
#.#.# #.#@# #.#.#
#.#.# #.#.#
....... #.#.#
......# #.#.#
(....#
#######.#†###....#
.................#
........#.###....#


There were no monsters in sight!

Vanquished Creatures
  An ogre (D:3)
  A scorpion (D:5)
  A crimson imp (D:4)
  3 hounds
  An orc wizard (D:4)
  2 worker ants
  4 adders
  An adder skeleton (D:4)
  3 giant geckos
  7 orcs
  A ball python (D:4)
  3 giant cockroaches
  9 goblins
  12 hobgoblins
  12 bats
  6 giant newts
  10 jackals
  10 kobolds
  5 rats
92 creatures vanquished.

Notes
Turn   | Place    | Note
--------------------------------------------------------------
     0 | D:1      | lucasterio the Kobold Berserker began the quest for the Orb.
     0 | D:1      | Reached XP level 1. HP: 14/14 MP: 1/1
   250 | D:1      | Reached XP level 2. HP: 12/19 MP: 2/2
   975 | D:1      | Reached skill level 5 in Short Blades
   975 | D:1      | Reached XP level 3. HP: 20/23 MP: 3/3
  1160 | D:1      | Reached ** piety under Trog
  1722 | D:2      | Reached XP level 4. HP: 28/28 MP: 4/4
  2597 | D:3      | Reached skill level 6 in Short Blades
  2883 | D:3      | Found an iron altar of Okawaru.
  3035 | D:3      | Reached XP level 5. HP: 32/32 MP: 5/5
  3087 | D:3      | Noticed an ogre
  3097 | D:3      | Killed an ogre
  3196 | D:3      | Found a sacrificial altar of Ru.
  3252 | D:3      | Reached skill level 7 in Short Blades
  3388 | D:3      | Reached XP level 6. HP: 24/37 MP: 6/6
  3391 | D:3      | Reached *** piety under Trog
  4107 | D:4      | Reached skill level 8 in Short Blades
  4461 | D:4      | Found a basalt altar of Yredelemnul.
  4611 | D:4      | Found a burning altar of Makhleb.
  4612 | D:4      | Found a radiant altar of Vehumet.
  4665 | D:4      | Reached XP level 7. HP: 28/41 MP: 7/7
  4670 | D:4      | Found a white marble altar of Elyvilon.
  4745 | D:5      | Entered Level 5 of the Dungeon
  4818 | D:5      | Succumbed to a scorpion's poison

Action                   |  1- 3 |  4- 6 |  7- 9 || total
-------------------------+-------+-------+-------++-------
Melee: Short sword       |   169 |   325 |    33 ||   527
Invok: Berserk           |       |     2 |     1 ||     3
  Use: Scroll            |       |     1 |       ||     1
 Stab: Distracted        |     1 |       |       ||     1
  Eat: Chunk             |    10 |    12 |     1 ||    23
